 Dungeon Crawl Stone Soup version 0.16-a0-3253-g5709529 (webtiles) character file.

497 Chiseanne the Conjurer (level 6, 0/45 HPs)
             Began as a Minotaur Conjurer on Dec 23, 2014.
             Was an Initiate of Vehumet.
             Slain by an iguana (10 damage)
             ... on level 4 of the Dungeon.
             The game lasted 00:13:57 (5832 turns).

Chiseanne the Conjurer (Minotaur Conjurer)          Turns: 5832, Time: 00:13:57

Health: 0/45       AC:  4    Str: 12    XL:     6   Next: 93%
Magic:  5/10       EV: 11    Int: 14    God:    Vehumet [......]
Gold:   125        SH:  4    Dex: 11    Spells: 3 memorised, 5 levels left

rFire  . . .     SeeInvis .     a - +0 falchion (holy)
rCold  . . .     Clarity  .     e - +0 leather armour
rNeg   . . .     SustAb   .     j - +0 buckler
rPois  .         Gourm    +     (helmet restricted)
rElec  .         Spirit   .     d - +0 cloak
rCorr  .         Warding  .     (no gloves)
rMut   .         Stasis   .     (no boots)
MR     .....                    h - amulet of the gourmand
Stlth  +.........               (no ring)
                                (no ring)

@: very slightly contaminated, not resistant to hostile enchantments, very
unstealthy
A: retaliatory headbutt, horns 2
a: Renounce Religion


You were on level 4 of the Dungeon.
You worshipped Vehumet.
Vehumet was noncommittal.
You were very full.

You visited 2 branches of the dungeon, and saw 5 of its levels.

You collected 125 gold pieces.

Inventory:

Hand weapons
 a - a +0 falchion of holy wrath (weapon)
 p - a +0 blowgun
Missiles
 l - 22 poisoned needles
Armour
 d - a +0 cloak (worn)
 e - a +0 leather armour (worn)
 j - a +0 buckler (worn)
Jewellery
 h - an amulet of the gourmand (around neck)
Magical devices
 t - a wand of enslavement (18)
Scrolls
 g - a scroll of identify
 u - a scroll of remove curse
Potions
 f - a potion of resistance
 k - a potion of flight {unknown}
 m - a potion of cancellation {unknown}
 n - 2 potions of agility
 o - a potion of restore abilities {unknown}
 r - a potion of brilliance
 s - a potion of heal wounds {unknown}
 w - a potion of curing
Books
 c - a book of Conjurations

   Spells                             Type                      Level
   a - Magic Dart                     Conjuration                  1
   b - Searing Ray                    Conjuration                  2
   c - Dazzling Spray                 Conjuration/Hexes            3
   d - Fulminant Prism                Conjuration/Hexes            4
   e - Iskenderun's Mystic Blast      Conjuration                  4
   f - Iskenderun's Battlesphere      Conjuration/Charms           5
Comestibles
 b - a bread ration
 q - 6 fruits


   Skills:
 - Level 2.1 Dodging
 - Level 1.5 Stealth
 * Level 2.2 Shields
 * Level 3.3 Spellcasting
 * Level 5.0 Conjurations


You had 5 spell levels left.
You knew the following spells:

 Your Spells              Type           Power        Failure   Level  Hunger
a - Magic Dart            Conj           ###.         3%          1    #......
b - Searing Ray           Conj           ###...       6%          2    ##.....
c - Dazzling Spray        Conj/Hex       #.......     30%         3    ###....


Dungeon Overview and Level Annotations

Branches:
Dungeon (4/15)             Temple (1/1) D:4

Altars:
Ashenzari
Cheibriados
Dithmenos
Fedhas
Kikubaaqudgha
Makhleb
Nemelex Xobeh
Okawaru
Qazlal
Ru
Sif Muna
Trog
Vehumet
Xom
Yredelemnul
Zin
The Shining One


Innate Abilities, Weirdness & Mutations

You reflexively headbutt those who attack you in melee.
You have a pair of horns on your head.


Message History

The kobold throws a stone.
The stone misses you.
The kobold throws a stone.
You block the stone.
You see here a stone.
The kobold throws a stone.
You block the stone.
You see here a stone.
You see here a stone.
An iguana comes into view.
The kobold throws a stone.
The stone hits you but does no damage.
The iguana moves out of view.
You see here a stone.
The iguana hisses angrily.
You feel yourself slow down.
You closely miss the iguana.
You headbutt the iguana, but do no damage.
The iguana bites you!
* * * LOW HITPOINT WARNING * * *
You hit the iguana.
The iguana is lightly wounded.
The iguana bites you!
You die...

...................#
###......#.##.####.#
. #.##.....#..<....#
.#
#.###..###..####.#
.# ###.# #..#
#..#....# .#.#
....###..# #..#.####
.#.# .........#
#..#.# .#.##
#######.##
#..#.#####....## #.#
#...l@.........###
#.#
#...#....(.(......
#.#
#.....###(.....###
#.#####.#.##
#(#...##
###...###.#.#
#.##.....
#......##.#.# #.#
..### #.........#.#
#(# .# ##
#......####.####.# #
.#
##.#............K# #


You could see an iguana.

Vanquished Creatures
  A scorpion (D:4)
  An orc priest (D:3)
  2 orc wizards (D:4)
  2 giant frog skeletons (D:4)
  4 worker ants (D:4)
  6 adders
  3 gnolls (D:4)
  A giant mite (D:4)
  2 giant geckos
  2 oozes (D:1)
  17 orcs
  10 bats
  9 goblins
  14 hobgoblins
  2 jackals (D:1)
  A quokka (D:2)
  2 ball pythons
  5 giant cockroaches
  3 giant newts
  7 kobolds
  8 rats
102 creatures vanquished.

Notes
Turn   | Place    | Note
--------------------------------------------------------------
     0 | D:1      | Chiseanne, the Minotaur Conjurer, began the quest for the Orb.
     0 | D:1      | Reached XP level 1. HP: 14/14 MP: 2/2
    16 | D:1      | Reached skill level 3 in Conjurations
   603 | D:1      | Reached XP level 2. HP: 8/20 MP: 0/2
  1102 | D:1      | Learned a level 2 spell: Searing Ray
  1755 | D:1      | Reached XP level 3. HP: 26/26 MP: 0/4
  2760 | D:2      | You fall through a shaft for 2 floors!
  2779 | D:4      | Reached skill level 4 in Conjurations
  2779 | D:4      | Reached XP level 4. HP: 19/33 MP: 0/4
  2990 | D:4      | HP: 1/33 [scorpion (2)]
  3245 | D:4      | Reached XP level 5. HP: 8/38 MP: 1/6
  3612 | D:3      | Reached skill level 1 in Shields
  3660 | D:3      | Found an iron altar of Okawaru.
  4017 | D:3      | Found a sacrificial altar of Ru.
  4018 | D:3      | Found a deep blue altar of Sif Muna.
  4086 | D:3      | Found a stormy altar of Qazlal.
  4493 | D:3      | Found a shadowy altar of Dithmenos.
  4560 | D:3      | Learned a level 3 spell: Dazzling Spray
  4575 | D:3      | Reached XP level 6. HP: 45/45 MP: 0/8
  5219 | D:4      | Found a staircase to the Ecumenical Temple.
  5229 | Temple   | Entered the Ecumenical Temple
  5233 | Temple   | Became a worshipper of Vehumet
  5779 | D:4      | Reached skill level 5 in Conjurations
  5832 | D:4      | Slain by an iguana

Action                   |  1- 3 |  4- 6 || total
-------------------------+-------+-------++-------
Melee: Club              |    65 |       ||    65
       Hand axe          |     8 |    21 ||    29
       Falchion          |       |   102 ||   102
 Cast: Magic Dart        |    58 |   103 ||   161
       Searing Ray       |       |     5 ||     5
  Use: Scroll            |     3 |     9 ||    12
       Potion            |       |     4 ||     4
 Stab: Distracted        |       |     1 ||     1
  Eat: Chunk             |    11 |    16 ||    27
